 Dungeon Crawl Stone Soup version 0.23.2-1-ga50397a (webtiles) character file.

Game seed: 16138952808239493764

22943 teukkam the Fighter (level 12, 0/113 HPs)
             Began as a Minotaur Fighter on June 2, 2019.
             Was an Initiate of Gozag.
             Slain by a six-headed hydra (6 damage)
             ... on level 3 of the Lair of Beasts.
             The game lasted 00:58:21 (16314 turns).

teukkam the Fighter (Minotaur Fighter)             Turns: 16314, Time: 00:58:22

Health: 0/113      AC: 17    Str: 29    XL:     12   Next: 67%
Magic:  11/11      EV: 10    Int:  5    God:    Gozag
Gold:   1635       SH:  0    Dex: 12    Spells: 11/11 levels left

rFire    + . .     SeeInvis +   c - +7 great mace "Undeadhunter" {disrupt, rN+}
rCold    + . .     Gourm    .   (shield currently unavailable)
rNeg     + . .     Faith    .   E - +7 chain mail of the Lily {Str+3}
rPois    .         Spirit   .   (helmet restricted)
rElec    .         Reflect  +   m - scarf {rC+ rF+}
rCorr    .         Harm     .   (no gloves)
MR       .....                  (no boots)
Stlth    ..........             e - +2 amulet of reflection
HPRegen  0.28/turn              t - ring of see invisible
MPRegen  0.12/turn              x - ring of stealth

@: confused
A: retaliatory headbutt, horns 2, repulsion field 1, agile 1
a: Potion Petition, Call Merchant, Bribe Branch, Renounce Religion


You were on level 3 of the Lair of Beasts.
You worshipped Gozag.
Gozag was most pleased with you.
You were not hungry.

You visited 2 branches of the dungeon, and saw 16 of its levels.

You collected 3175 gold pieces.
You paid 1540 gold pieces to Gozag.

Inventory:

Hand Weapons
 a - a +5 great sword
 b - a +0 shortbow of flaming
 c - the +7 great mace "Undeadhunter" (weapon) {disrupt, rN+}
   (You found it on level 11 of the Dungeon)

   It protects you from negative energy.
 J - a +0 war axe
 K - a +0 blowgun
 L - a +1 dagger of draining
 P - a +0 flail
 Q - a +2 whip of venom
 R - a +2 whip of freezing
Missiles
 k - 462 stones (quivered)
 p - 6 javelins
 s - 107 sling bullets
 A - 8 tomahawks
 B - 77 poisoned needles
 F - 226 arrows
 I - 2 throwing nets
 M - 4 poisoned javelins
Armour
 m - a scarf of resistance (worn)
 E - the +7 chain mail of the Lily (worn) {Str+3}
   (You found it on level 2 of the Lair of Beasts)

   It affects your strength (+3).
Jewellery
 e - a +2 amulet of reflection (around neck)
 t - a ring of see invisible (left hand)
 x - a ring of stealth (right hand)
 z - an uncursed ring of magical power
 U - an uncursed ring of magical power
Wands
 l - a wand of paralysis (7)
 r - a wand of disintegration (28)
 y - a wand of iceblast (14)
 C - a wand of digging (12)
 D - a wand of polymorph (6)
 O - a wand of flame (15)
Scrolls
 j - 7 scrolls of teleportation
 o - 6 scrolls of identify
 q - a scroll of enchant armour
 v - 5 scrolls of remove curse
 S - a scroll of enchant weapon {unknown}
 T - a scroll of immolation
 V - a scroll of torment {unknown}
 X - a scroll of amnesia
 Z - 3 scrolls of magic mapping {unknown}
Potions
 d - a potion of might
 g - 3 potions of agility
 h - a potion of magic
 i - 3 potions of flight
 n - 2 potions of invisibility
 u - 2 potions of curing
 w - 4 potions of lignification
 G - a potion of ambrosia
 N - 2 potions of haste
 W - 2 potions of berserk rage {unknown}
 Y - a potion of heal wounds {unknown}
Comestibles
 f - 23 rations


   Skills:
 + Level 12.3 Fighting
 - Level 8.8(10.4) Short Blades
 + Level 9.9(11.4) Long Blades
 - Level 3.9(5.9) Axes
 + Level 6.8(7.3) Maces & Flails
 + Level 9.6 Bows
 + Level 5.6 Armour
 + Level 9.0 Stealth
   Level 4.2 Shields


You had 11 spell levels left.
You didn't know any spells.
Your spell library contained the following spells:

 Spells                   Type           Power        Failure   Level  Hunger
 Magic Dart               Conj           #...         95%         1    ##.....
 Summon Small Mammal      Summ           #...         95%         1    ##.....
 Blink                    Tloc           N/A          98%         2    ###....
 Call Imp                 Summ           #.......     98%         2    ###....
 Slow                     Hex            #.......     98%         2    ###....
 Call Canine Familiar     Summ           #.......     100%        3    ####...
 Conjure Flame            Conj/Fire      #.......     100%        3    ####...
 Mephitic Cloud           Conj/Pois/Air  #.......     100%        3    ####...
 Summon Guardian Golem    Hex/Summ       #.......     100%        3    ####...
 Summon Ice Beast         Ice/Summ       #.......     100%        4    #####..
 Summon Lightning Spire   Summ/Air       #.......     100%        4    #####..
 Bolt of Magma            Conj/Fire/Erth #.........   100%        5    ######.
 Iskenderun's Battlesphe  Conj/Chrm      #.......     100%        5    ######.
 Venom Bolt               Conj/Pois      #.........   100%        5    ######.
 Iron Shot                Conj/Erth      #.........   100%        6    #######
 Orb of Destruction       Conj           #.........   100%        7    #######
 Spellforged Servitor     Conj/Summ      #.........   100%        7    #######


Dungeon Overview and Level Annotations

Branches:
Dungeon (13/15)            Temple (0/1) D:7            Lair (3/6) D:9
 Spider (0/4) Lair:2          Orc (0/2) D:10
  Swamp: Lair:2-4    Shoals: Lair:2-4    Vaults: D:13-14

Altars:
Cheibriados
Dithmenos
Gozag
Kikubaaqudgha
Qazlal
Ru
Yredelemnul
The Shining One


Innate Abilities, Weirdness & Mutations

You reflexively headbutt those who attack you in melee.
You have a pair of horns on your head.
You are surrounded by a mild repulsion field. (EV +2)
You are agile. (Dex +2)


Message History

* * * LOW HITPOINT WARNING * * *
The iguana becomes distracted by the nearby gold, dreaming of imaginary riches.
The six-headed hydra bites you but does no damage.
The six-headed hydra barely misses you.
The six-headed hydra bites you but does no damage.
The six-headed hydra closely misses you.
The six-headed hydra bites you.
* * * LOW HITPOINT WARNING * * *
The six-headed hydra completely misses you.
The swamp worm barely misses you.
You are engulfed in noxious fumes.
You choke on the stench!
You are more confused.
* * * LOW HITPOINT WARNING * * *
Unknown command.
The swamp worm throws harpoon shot at you.
The harpoon shot misses you.
The six-headed hydra bites you but does no damage. x2
The six-headed hydra bites you.
You die...
Your body crumbles into a pile of gold.

♣♣.§§ ♣♣......####
♣..§♣♣♣♣..........#
!..≈≈≈≈♣♣.........#
♣♣≈≈≈≈≈≈≈♣♣.......##
♣♣≈≈≈≈≈≈ ♣........###
♣...ll ♣........##.
#♣♣$○♣♣♣♣♣♣♣...........
#..○w§.)...>........##.
#.#.○°@.............###
# #○○D..............#
##..#........######
######.###### ###


You could see a six-headed hydra and a swamp worm.

Vanquished Creatures
  2 hydras
  2 two-headed ogres
  An unseen horror (D:10)
  Pikel (D:9)
  A cyclops (D:10)
  2 oklob plants (Lair:1)
  A manticore (D:11)
  2 ugly things (D:11)
  A centaur zombie (D:13)
  3 black mambas
  An elephant (D:9)
  A gargoyle (D:10)
  4 spiny frogs
  5 komodo dragons
  A rime drake (Lair:3)
  A troll (D:11)
  4 hippogriffs
  A hornet (D:8)
  3 blink frogs (Lair:2)
  3 slime creatures (D:12)
  4 wyverns
  A tarantella (Lair:2)
  12 yaks
  A hungry ghost (D:11)
  3 basilisks
  A steam dragon (D:10)
  An acid dragon (D:6)
  2 swamp worms (Lair:3)
  12 water moccasins
  3 porcupines
  A hornet zombie (D:6)
  A black bear (D:10)
  A phantom (D:5)
  An orc warrior (D:10)
  4 slaves (D:8)
  2 sky beasts
  A necrophage (D:8)
  2 ice beasts
  2 ogres
  5 centaurs
  4 crocodiles
  3 big kobolds
  19 bullfrogs
  A gnoll sergeant (D:12)
  A wyvern zombie (D:9)
  3 scorpions
  4 killer bees (D:7)
  A howler monkey (D:4)
  3 wights (D:6)
  A bullfrog zombie (D:10)
  4 crimson imps
  7 hounds
  4 jellies
  3 bullfrog skeletons
  4 iguanas
  7 orc priests
  A centaur skeleton (D:11)
  7 orc wizards
  7 worker ants
  A howler monkey zombie (D:9)
  A worker ant zombie (D:5)
  7 gnolls
  8 adders
  A howler monkey skeleton (D:9)
  3 shadow imps
  2 oozes
  2 adder skeletons
  A worm (D:3)
  8 dart slugs
  A leopard gecko (D:11)
  32 orcs
  4 bat zombies (D:3)
  5 giant cockroaches
  10 goblins
  8 hobgoblins
  21 jackals
  12 kobolds
  3 quokkas
  3 ball pythons
  4 bats
  8 frilled lizards
  A leopard gecko skeleton (D:4)
  A quokka skeleton (D:4)
  A quokka zombie (D:7)
  6 rats
  2 rat zombies (D:3)
  A spectral orc (D:5)
  A fungus (Lair:2)
  A plant (Lair:1)
343 creatures vanquished.

Vanquished Creatures (others)
  A centaur (D:5)
  A bullfrog (Lair:3)
  An orc wizard (D:10)
  A shadow imp (D:13)
  2 orcs
  4 plants (Lair:2)
10 creatures vanquished.

Grand Total: 353 creatures vanquished

Notes
Turn   | Place    | Note
-------+----------+-------------------------------------------
     0 | D:1      | teukkam the Minotaur Fighter began the quest for the Orb.
     0 | D:1      | Reached XP level 1. HP: 19/19 MP: 0/0
   150 | D:1      | Reached XP level 2. HP: 27/27 MP: 1/1
   523 | D:1      | Reached skill level 4 in Fighting
   874 | D:2      | Found a stormy altar of Qazlal.
   910 | D:2      | Reached XP level 3. HP: 33/33 MP: 2/2
   918 | D:2      | Found a snail-covered altar of Cheibriados.
  1231 | D:2      | Found an opulent altar of Gozag.
  1236 | D:2      | Became a worshipper of Gozag Ym Sagoz the Greedy
  1413 | D:2      | Reached XP level 4. HP: 41/41 MP: 3/3
  1538 | D:2      | Found a glowing golden altar of the Shining One.
  2198 | D:3      | Reached skill level 1 in Short Blades
  2351 | D:3      | Found an ancient bone altar of Kikubaaqudgha.
  2465 | D:4      | Reached XP level 5. HP: 28/47 MP: 4/4
  2467 | D:4      | Reached skill level 1 in Stealth
  2468 | D:4      | Reached skill level 5 in Fighting
  2750 | D:4      | Reached XP level 6. HP: 49/56 MP: 5/5
  3240 | D:4      | Found Bicer's Antique Armour Emporium.
  3587 | D:5      | Entered Level 5 of the Dungeon
  3871 | D:5      | Reached skill level 6 in Fighting
  3872 | D:5      | Reached XP level 7. HP: 46/63 MP: 6/6
  4247 | D:5      | Found a basalt altar of Yredelemnul.
  4544 | D:6      | Reached skill level 7 in Fighting
  4556 | D:6      | Reached skill level 5 in Short Blades
  4556 | D:6      | Reached skill level 1 in Bows
  4556 | D:6      | Reached XP level 8. HP: 29/73 MP: 7/7
  5759 | D:7      | Reached skill level 1 in Long Blades
  5835 | D:7      | Reached skill level 8 in Fighting
  6005 | D:7      | Reached skill level 5 in Stealth
  6157 | D:7      | Reached XP level 9. HP: 81/81 MP: 8/8
  6230 | D:7      | Found a staircase to the Ecumenical Temple.
  6461 | D:7      | Found a shadowy altar of Dithmenos.
  6848 | D:8      | Noticed Pikel
  7188 | D:8      | Reached skill level 9 in Fighting
  7485 | D:8      | Reached skill level 5 in Bows
  7840 | D:9      | Noticed an elephant
  7956 | D:9      | Found a staircase to the Lair.
  7967 | D:9      | Reached skill level 5 in Long Blades
  7973 | D:9      | Reached XP level 10. HP: 87/91 MP: 9/9
  7979 | D:9      | Killed an elephant
  8416 | D:9      | Found a sacrificial altar of Ru.
  8489 | D:10     | Entered Level 10 of the Dungeon
  8537 | D:10     | Noticed an unseen horror
  8545 | D:10     | Killed an unseen horror
  8555 | D:9      | Killed Pikel
  8555 | D:9      | Reached skill level 10 in Fighting
  8971 | D:10     | Noticed a gargoyle
  8988 | D:10     | Killed a gargoyle
  9045 | D:10     | Noticed a cyclops
  9069 | D:10     | Killed a cyclops
  9407 | D:11     | Found the +7 great mace "Undeadhunter" {disrupt, rN+}
  9409 | D:11     | Noticed a white ugly thing
  9419 | D:11     | Reached XP level 11. HP: 101/101 MP: 10/10
  9428 | D:11     | Killed a white ugly thing
  9547 | Lair:1   | Entered Level 1 of the Lair of Beasts
  9576 | D:9      | Reached skill level 1 in Maces & Flails
 10251 | Lair:1   | Noticed an oklob plant
 10259 | Lair:1   | Noticed an oklob plant
 10274 | Lair:1   | Killed an oklob plant
 10282 | Lair:1   | Killed an oklob plant
 10830 | Lair:2   | Reached skill level 11 in Fighting
 10841 | Lair:2   | Gained mutation: You are agile. (Dex +2) [potion of
                  | mutation]
 10841 | Lair:2   | Gained mutation: You are surrounded by a mild repulsion
                  | field. (EV +2) [potion of mutation]
 11643 | D:10     | Found a staircase to the Orcish Mines.
 12126 | D:11     | Noticed a two-headed ogre
 12132 | D:11     | Killed a two-headed ogre
 12677 | D:11     | Noticed a purple ugly thing
 12708 | D:11     | Killed a purple ugly thing
 13519 | D:12     | Reached skill level 5 in Maces & Flails
 13519 | D:12     | Reached XP level 12. HP: 91/111 MP: 11/11
 13524 | D:12     | Noticed a two-headed ogre
 13529 | D:12     | Killed a two-headed ogre
 14294 | Lair:2   | Found a hole to the Spider Nest.
 14783 | Lair:2   | Reached skill level 12 in Fighting
 15206 | Lair:2   | Got a heavily runed chain mail
 15218 | Lair:2   | Identified the +7 chain mail of the Lily {Str+3} (You found
                  | it on level 2 of the Lair of Beasts)
 15339 | Lair:2   | Noticed a four-headed hydra
 15346 | Lair:2   | Killed a four-headed hydra
 15346 | Lair:2   | Reached skill level 5 in Armour
 16294 | Lair:3   | Noticed a six-headed hydra
 16294 | Lair:3   | Noticed a six-headed hydra
 16302 | Lair:3   | Killed a six-headed hydra
 16312 | Lair:3   | HP: 5/113 [cloud of noxious fumes (2)]
 16314 | Lair:3   | Slain by a six-headed hydra

Skill      XL: |  1  2  3  4  5  6  7  8  9 10 11 12 |
---------------+-------------------------------------+-----
Armour         | 4 5 |  5.6
Shields        | 4 |  4.2
Fighting       | 4 5 6 7 8 9 10 11 12 | 12.3
Axes           | 3 |  3.9
Short Blades   | 1 2 3 5 6 7 8 |  8.8
Stealth        | 2 3 4 5 6 7 8 9 |  9.0
Bows           | 1 3 5 7 8 9 |  9.6
Long Blades    | 2 5 7 8 9 |  9.9
Maces & Flails | 5 6 |  6.8

Action                   |  1- 3 |  4- 6 |  7- 9 | 10-12 || total
-------------------------+-------+-------+-------+-------++-------
Melee: War axe           |    90 |   165 |   141 |       ||   396
       Headbutt          |    13 |    19 |    47 |    71 ||   150
       Great sword       |       |       |   108 |   295 ||   403
       Dagger            |       |       |     3 |    10 ||    13
       Great mace        |       |       |       |    12 ||    12
 Fire: Shortbow          |       |       |    25 |   125 ||   150
Invok: Potion Petition   |       |       |       |     4 ||     4
Evoke: Wand              |       |       |     3 |    17 ||    20
  Use: Potion            |       |     1 |     1 |     8 ||    10
       Scroll            |       |       |     5 |    11 ||    16
 Stab: Sleeping          |       |     1 |     5 |     7 ||    13
       Distracted        |       |       |     1 |     1 ||     2
       Confused          |       |       |     1 |     2 ||     3
       Invisible         |       |       |       |     1 ||     1
  Eat: Chunk             |     2 |       |     2 |       ||     4
       Ration            |       |     2 |     4 |     8 ||    14
Armor: Scale mail        |    40 |    87 |   129 |    77 ||   333
       Chain mail        |       |       |       |    46 ||    46
       Plate armour      |       |       |       |    22 ||    22
Dodge: Dodged            |    25 |    49 |   137 |   177 ||   388
Block: Shield            |    61 |   111 |    56 |       ||   228
       Reflection        |     3 |     2 |     3 |     2 ||    10
       Other             |       |       |    13 |    30 ||    43
       Rpst.: Great sword |       |       |    30 |    38 ||    68
